 Dungeon Sprint DCSS version 0.29-a0-334-gb41bcbb86e (webtiles) character file.

Game seed: 13604900118505822885

4719 mhtbhm the Basher (level 10, -8/74 HPs)
             Began as a Kobold Berserker on Apr 13, 2022.
             Was a High Priest of Trog.
             Mangled by a boulder beetle (12 damage)
             ... in the Dungeon (Sprint IX: "|||||||||||||||||||||||||||||").
             The game lasted 00:02:24 (1207 turns).

mhtbhm the Basher (Kobold Berserker)                Turns: 1207, Time: 00:02:24

Health: -8/74      AC: 15    Str: 19    XL:     10   Next: 73%
Magic:  10/10      EV: 18    Int:  9    God:    Trog [*****.]
Gold:   8          SH:  0    Dex: 14    Spells: 9/9 levels left

rFire   . . .      SeeInvis .   a - +3 morningstar (vorpal)
rCold   . . .      Faith    .   (no shield)
rNeg    . . .      Spirit   .   b - +2 ring mail
rPois   .          Reflect  .   k - +0 helmet
rElec   .          Harm     .   (no cloak)
rCorr   .          Rampage  .   l - +0 pair of gloves
Will    .....      NoTele   +   (no boots)
Stlth   +++.......              (no amulet)
HPRegen 0.22/turn               m - +2 ring of protection
MPRegen 0.12/turn               n - +2 ring of protection

@: on berserk cooldown, slowed, very slow
A: small, no large weapons, nightstalker 3
a: Renounce Religion, Berserk, Trog's Hand, Brothers in Arms


You were in the Dungeon.
You worshipped Trog.
Trog was extremely pleased with you.
You visited 1 branch You collected 8 gold pieces.

Inventory:

Hand Weapons
 a - a +3 vorpal morningstar (weapon)
Armour
 b - a +2 ring mail (worn)
 k - a +0 helmet (worn)
 l - a +0 pair of gloves (worn)
Jewellery
 m - a +2 ring of protection (left hand)
 n - a +2 ring of protection (right hand)
 o - a ring of resist corrosion
Wands
 j - a wand of acid (2)
Scrolls
 h - 2 scrolls of blinking
 p - a scroll of summoning
 q - 2 scrolls of fear
 r - a scroll of identify
 s - 2 scrolls of enchant armour
Potions
 c - 5 potions of curing
 d - 7 potions of heal wounds
 e - a potion of haste
 f - 4 potions of magic
 g - 2 potions of berserk rage
 i - a potion of invisibility


   Skills:
 + Level 13.8 Fighting
 + Level 14.5 Maces & Flails
 + Level 7.7 Armour
 + Level 11.0 Dodging
 + Level 5.7 Stealth
 + Level 6.1 Evocations


You had 9 spell levels left.
You didn't know any spells.
Your spell library was empty.

Dungeon Overview and Level Annotations

Branches:
Dungeon (1/1)

Altars:
Cheibriados
Dithmenos
Elyvilon
Fedhas
Gozag
Hepliaklqana
Kikubaaqudgha
Makhleb
Nemelex Xobeh
Okawaru
Qazlal
Ru
Sif Muna
Trog
Uskayaw
Vehumet
Wu Jian
Xom
Yredelemnul
Zin
The Shining One
Beogh
Jiyva
Lugonu


Innate Abilities, Weirdness & Mutations

You are small and have problems with some larger weapons.
You are completely attuned to the shadows.


Message History

A boulder beetle comes into view.
You hit the yak.
The yak is lightly wounded.
The yak gores you but does no damage.
You hit the yak but do no damage.
The yak is lightly wounded.
The yak closely misses you.
You sock the yak!
The yak is severely wounded.
The yak completely misses you. The yak gores you but does no damage.
You puncture the yak!
You kill the yak!
Trog accepts your kill.
The boulder beetle curls into a ball and begins rolling!
The boulder beetle hits you!
The boulder beetle stops rolling and uncurls.
You see here a yak corpse.
You hit the boulder beetle but do no damage.
The boulder beetle completely misses you.
The boulder beetle bites you!
You hit the boulder beetle but do no damage.
The boulder beetle leaps!
You hit the boulder beetle but do no damage.
The boulder beetle bites you!!
You are too injured to fight recklessly!
You are too injured to fight recklessly!
You are too injured to fight recklessly!
You are too injured to fight recklessly!
You are too injured to fight recklessly!
You are too injured to fight recklessly!
You are too injured to fight recklessly!
You are too injured to fight recklessly!
You are too injured to fight recklessly!
You are too injured to fight recklessly!
You are too injured to fight recklessly!
You hit the boulder beetle but do no damage.
The boulder beetle bites you!!
* * * LOW HITPOINT WARNING * * *
The boulder beetle bites you!
You die...

▓_▓.▓
▓_▓.▓
▓_▓.▓
▓_▓.▓
▓_▓.▓+▓
▓_▓.▓.▓
▓_▓.▓.▓
▓_▓.▓B▓
▓_▓.▓@▓
▓_▓.▓†▓
▓_▓.▓.▓
▓_▓.▓.▓
▓_▓.▓.▓
▓_▓.▓†▓
▓_▓.▓)▓
▓_▓.▓.▓
▓_▓.▓.▓


You could see a boulder beetle.

Vanquished Creatures
  A centaur warrior (D)
  A two-headed ogre (D)
  A deep elf pyromancer (D)
  2 cyclopes (D)
  A komodo dragon (D)
  A cane toad (D)
  A hornet (D)
  A troll (D)
  A meliai (D)
  A wraith (D)
  A basilisk (D)
  A yak (D)
  A vampire mosquito (D)
  An acid dragon (D)
  3 water moccasins (D)
  An ice beast (D)
  A phantom (D)
  A hell rat (D)
  A worm (D)
  An orc (D)
  An endoplasm (D)
  A giant cockroach (D)
  A goblin (D)
  2 quokkas (D)
  A frilled lizard (D)
29 creatures vanquished.

Vanquished Creatures (collateral kills)
  A centaur (D)
1 creature vanquished.

Grand Total: 30 creatures vanquished

Notes
Turn   | Place    | Note
-------+----------+-------------------------------------------
     0 | D        | mhtbhm the Kobold Berserker began the quest for the Orb.
     0 | D        | Reached XP level 1. HP: 14/14 MP: 1/1
     8 | D        | Reached skill level 3 in Maces & Flails
    10 | D        | Reached ** piety under Trog
    15 | D        | Reached XP level 2. HP: 14/20 MP: 2/2
   115 | D        | Noticed a phantom
   119 | D        | Noticed an ice beast
   122 | D        | Reached *** piety under Trog
   129 | D        | Killed a phantom
   130 | D        | Reached skill level 6 in Maces & Flails
   130 | D        | Reached skill level 1 in Stealth
   130 | D        | Reached XP level 3. HP: 27/27 MP: 3/3
   130 | D        | Reached XP level 4. HP: 32/32 MP: 4/4
   132 | D        | Killed an ice beast
   133 | D        | Reached skill level 7 in Maces & Flails
   133 | D        | Reached XP level 5. HP: 38/38 MP: 5/5
   139 | D        | Found a snail-covered altar of Cheibriados.
   139 | D        | Found a shadowy altar of Dithmenos.
   140 | D        | Found a white marble altar of Elyvilon.
   141 | D        | Found a blossoming altar of Fedhas.
   142 | D        | Found an opulent altar of Gozag.
   143 | D        | Found a hazy altar of Hepliaklqana.
   144 | D        | Found a viscous altar of Jiyva.
   145 | D        | Found an ancient bone altar of Kikubaaqudgha.
   146 | D        | Found a corrupted altar of Lugonu.
   147 | D        | Found a burning altar of Makhleb.
   148 | D        | Found a sparkling altar of Nemelex Xobeh.
   149 | D        | Found an iron altar of Okawaru.
   150 | D        | Found a stormy altar of Qazlal.
   151 | D        | Found a sacrificial altar of Ru.
   152 | D        | Found a shimmering blue altar of Sif Muna.
   153 | D        | Found a bloodstained altar of Trog.
   154 | D        | Found a hide-covered altar of Uskayaw.
   155 | D        | Found a radiant altar of Vehumet.
   156 | D        | Found an ornate altar of the Wu Jian Council.
   157 | D        | Found a shimmering altar of Xom.
   158 | D        | Found a basalt altar of Yredelemnul.
   159 | D        | Found a glowing silver altar of Zin.
   160 | D        | Found a glowing golden altar of the Shining One.
   212 | D        | Noticed a troll
   212 | D        | Noticed a wraith
   212 | D        | Noticed a hornet
   213 | D        | Noticed a vampire mosquito
   221 | D        | Killed a hornet
   221 | D        | Reached **** piety under Trog
   222 | D        | Reached skill level 9 in Maces & Flails
   222 | D        | Reached skill level 5 in Dodging
   222 | D        | Reached XP level 6. HP: 46/46 MP: 6/6
   222 | D        | Reached XP level 7. HP: 51/51 MP: 7/7
   227 | D        | Noticed an acid dragon
   230 | D        | Killed a wraith
   230 | D        | Noticed a two-headed ogre
   231 | D        | Reached skill level 10 in Maces & Flails
   232 | D        | Killed a troll
   233 | D        | Reached skill level 10 in Fighting
   233 | D        | Reached skill level 1 in Evocations
   233 | D        | Reached XP level 8. HP: 28/58 MP: 8/8
   235 | D        | Reached skill level 11 in Maces & Flails
   238 | D        | Reached ***** piety under Trog
   240 | D        | Killed a two-headed ogre
   241 | D        | Reached skill level 12 in Maces & Flails
   241 | D        | Reached skill level 5 in Armour
   241 | D        | Reached XP level 9. HP: 21/65 MP: 9/9
   456 | D        | Noticed a cyclops
   456 | D        | Noticed a centaur warrior
   456 | D        | Noticed a meliai
   462 | D        | Killed a meliai
   463 | D        | Noticed a cyclops
   473 | D        | Killed a centaur warrior
   474 | D        | Reached skill level 13 in Maces & Flails
   474 | D        | Reached skill level 5 in Stealth
   478 | D        | Noticed a deep elf pyromancer
   479 | D        | Killed a cyclops
   484 | D        | Reached XP level 10. HP: 22/72 MP: 10/10
   769 | D        | Killed a cyclops
   770 | D        | Reached skill level 5 in Evocations
   845 | D        | Killed a deep elf pyromancer
   846 | D        | Reached skill level 14 in Maces & Flails
   846 | D        | Reached skill level 10 in Dodging
  1148 | D        | Noticed a cane toad
  1152 | D        | Noticed a komodo dragon
  1162 | D        | Killed a cane toad
  1166 | D        | Killed a komodo dragon
  1185 | D        | Received a gift from Trog
  1196 | D        | Noticed a boulder beetle
  1207 | D        | Mangled by a boulder beetle

Illustrated notes

Levels and vault maps discovered:
D:        linesprint [early_d, line_temple, items_1, d_10, items_2, lair_1,
          lair_end, items_3, orc_1, orc_end, items_4, d_15, swamp_1, shoals_1,
          snake_1, spider_1, d_20, vaults_1, items_5, swamp_end, shoals_end,
          snake_end, spider_end, vaults_end, d_27, items_6, zot_1, zot_end,
          crypt_end, forest_end, elf_end, slime_end, tomb_end, abyss_end,
          pan_hell_end]

Skill      XL: |  1  2  3  4  5  6  7  8  9 10 |
---------------+-------------------------------+-----
Maces & Flails | 3 6 7 9 10 12 13 14 | 14.5
Fighting       | 4 6 7 9 10 11 12 13 | 13.8
Armour         | 2 3 4 5 6 7 |  7.7
Dodging        | 3 4 5 6 8 9 11 | 11.0
Stealth        | 1 2 3 4 5 |  5.7
Evocations     | 1 3 4 6 |  6.1

Action                   |  1- 3 |  4- 6 |  7- 9 | 10-12 || total
-------------------------+-------+-------+-------+-------++-------
Melee: Mace              |    20 |    12 |    31 |    71 ||   134
       Punch             |     1 |       |       |       ||     1
       Morningstar       |       |       |       |     8 ||     8
Invok: Berserk           |     1 |     1 |     1 |     2 ||     5
       Brothers in Arms  |       |       |     1 |       ||     1
Evoke: Wand              |       |       |     8 |       ||     8
  Use: Potion            |       |       |     1 |     2 ||     3
       Scroll            |       |       |       |     1 ||     1
 Stab: Sleeping          |     1 |       |       |     1 ||     2
Armor: Animal skin       |     2 |       |       |       ||     2
       Ring mail         |       |     1 |    20 |    17 ||    38
Dodge: Dodged            |    11 |     9 |    43 |    24 ||    87

Table legend: (Time is in decaauts)
 A = Elapsed time spent in this place.
 B = Non-inter-level travel time spent in this place.
 C = Inter-level travel time spent in this place.
 D = Time resting spent in this place.
 E = Time spent auto-exploring this place.
 F = Levels seen in this place.
 G = Mean time per level.
                   A        B        C        D        E       F      G
               +--------+--------+--------+--------+--------+-----+--------+
         Total |   1201 |   1201 |      0 |    742 |     38 |   1 | 1201.0 |
       Dungeon |   1201 |   1201 |      0 |    742 |     38 |   1 | 1201.0 |
               +--------+--------+--------+--------+--------+-----+--------+

Top non-repeatable levels by time:
       D: 1201 daAuts
